 Dungeon Crawl Stone Soup version 0.31-a0-968-g24f9ace8b5 (webtiles) character file.

Game seed: 7831407294181485947

59 BinkBink the Trooper (level 4, -2/29 HPs)
             Began as a Gargoyle Monk on Oct 27, 2023.
             Was a Believer of Okawaru.
             Slain by a worm (9 damage)
             ... on level 2 of the Dungeon.
             The game lasted 00:01:53 (1950 turns).

BinkBink the Trooper (Gargoyle Monk)                Turns: 1950, Time: 00:01:54

Health: -2/29      AC:  5    Str: 14    XL:     4   Next: 3%
Magic:  4/4        EV: 10    Int: 11    God:    Okawaru [**....]
Gold:   102        SH:  7    Dex: 14    Spells: 3/3 levels left

rFire   . . .        a - +0 hand axe
rCold   . . .        n - +0 kite shield
rNeg    + . .        b - +0 robe
rPois   ∞            (no helmet)
rElec   +            (no cloak)
rCorr   .            (no gloves)
SInv    .            (no boots)
Will    .....        (no amulet)
Stlth   +            (no ring)
HPRegen 0.24/turn    (no ring)
MPRegen 0.09/turn

%: no passive effects
@: no status effects
A: sickness immunity, AC +3, negative energy resistance 1, electricity
resistance, torment resistance 1, petrification resistance
a: Renounce Religion, Heroism


You were on level 2 of the Dungeon.
You worshipped Okawaru.
Okawaru was pleased with you.
You visited 1 branch of the dungeon, and saw 2 of its levels.

You collected 102 gold pieces.

Inventory:

Hand Weapons
 a - a +0 hand axe (weapon)
Armour
 b - a +0 robe (worn)
 d - an orb of light
 n - a +0 kite shield (worn)
Scrolls
 e - a scroll of amnesia {unknown}
 g - a scroll of revelation {unknown}
 h - 3 scrolls of teleportation {unknown}
 i - a scroll of vulnerability {unknown}
 j - 4 scrolls of identify {unknown}
 k - a scroll of fear {unknown}
 m - 2 scrolls of enchant weapon {unknown}
Potions
 c - a potion of ambrosia
 f - a potion of resistance {unknown}
 l - a potion of mutation {unknown}


   Skills:
 + Level 4.1 Fighting
 + Level 3.2 Axes
 + Level 3.0 Dodging


You had 3 spell levels left.
You didn't know any spells.
Your spell library contained the following spells:

 Spells                   Type           Power      Damage    Failure   Level
 Dimensional Bullseye     Hex/Tloc       0%         N/A       100%        4
 Iskenderun's Mystic Bla  Conj/Tloc      0%         2d3       100%        4
 Tukima's Dance           Hex            Unusable   N/A       N/A         3

Dungeon Overview and Level Annotations

Branches:
Dungeon (2/15)

Altars:
Okawaru


Innate Abilities, Weirdness & Mutations

You are immune to sickness and miasma.
Your stone body is resilient. (AC +3)
You are immune to poison.
You resist negative energy. (rN+)
You are resistant to electric shocks. (rElec)
You are resistant to unholy torment.
You are immune to petrification.


Message History

You hit the ball python.
You kill the ball python!
Okawaru accepts your kill.
No target in view!
No target in view!
h - 3 scrolls labelled POURIY VOOST (gained 1)
j - 4 scrolls labelled NYIDOU BIDA (gained 1)
A worm comes into view.
A worm is nearby!
A worm is nearby!
A worm is nearby!
You barely miss the worm. The worm barely misses you.
You barely miss the worm. The worm bites you.
You hit the worm.
The worm is lightly wounded.
The worm bites you.
You hit the worm.
The worm is lightly wounded.
The worm bites you.
You barely miss the worm.
The worm is lightly wounded.
The worm closely misses you.
You barely miss the worm. You completely miss the worm.
The worm barely misses you.
You hit the worm.
The worm is lightly wounded.
The worm closely misses you.
You hit the worm.
The worm is moderately wounded.
The worm bites you.
You hit the worm.
The worm is heavily wounded.
You hit the worm.
The worm is severely wounded.
The worm bites you!
* * * LOW HITPOINT WARNING * * *
You hit the worm.
The worm is almost dead.
The worm bites you!
You die...

.#...# ##.#............... ###
...#.## #........#######...#.##..
##....###......)....## #.#.#.##..
###...#........###..###.#.#.##..
#####....#.......###.##..#.#.##..
#.......##........##.#..#.....#..
#.#####..#......#..#....#.....#..
......##.########.......#........
#####.........>w@.##..#.#.....#..
############.............##..
.............###..
#..................
............#.#####
##....#####.....# ###### ####...#
#####


You could see a worm.

Vanquished Creatures
  2 adders (D:2)
  A dart slug (D:2)
  2 bats
  An endoplasm (D:1)
  2 giant cockroaches
  5 goblins
  4 hobgoblins
  2 jackals (D:2)
  2 quokkas
  3 ball pythons
  4 frilled lizards
  5 kobolds (D:2)
  5 rats
38 creatures vanquished.

Notes
Turn   | Place    | Note
-------+----------+-------------------------------------------
     0 | D:1      | BinkBink the Gargoyle Monk began the quest for the Orb.
     0 | D:1      | Reached XP level 1. HP: 14/14 MP: 1/1
    87 | D:1      | Found a faded altar of an unknown god.
   153 | D:1      | Prayed at the altar of an unknown god.
   153 | D:1      | Became a worshipper of Warmaster Okawaru
   153 | D:1      | Reached * piety under Okawaru
   153 | D:1      | Reached ** piety under Okawaru
   294 | D:1      | Reached XP level 2. HP: 13/19 MP: 2/2
  1432 | D:2      | Reached XP level 3. HP: 21/24 MP: 3/3
  1619 | D:2      | Reached skill level 4 in Fighting
  1745 | D:2      | Reached XP level 4. HP: 23/29 MP: 4/4
  1950 | D:2      | Slain by a worm

Illustrated notes

Levels and vault maps discovered:
D:1:      dpeg_arrival_more_subterranean_lakeside_camping, layout_loops_ring,
          serial_forest, infiniplex_forest_straight_2,
          infiniplex_forest_straight_3, infiniplex_forest_clump_diagonal,
          infiniplex_forest_lined_room_2, infiniplex_forest_clump_C,
          infiniplex_forest_straight_1, infiniplex_forest_clump_long,
          infiniplex_forest_end_double, infiniplex_forest_lined_room_,
          ebering_ecumenical_altar_hall
D:2:      layout_rooms

Skill      XL: |  1  2  3 |
---------------+----------+-----
Axes           | 3 |  3.2
Fighting       | 4 |  4.1
Dodging        | 3 |  3.0

Action                     |  1- 3 |  4- 6 || total
---------------------------+-------+-------++-------
  Melee: Hand axe          |   514 |    18 ||   532
 Armour: Robe              |    59 |     7 ||    66
  Dodge: Dodged            |    68 |     7 ||    75
  Block: Kite shield       |    12 |     2 ||    14

Table legend: (Time is in decaauts)
 A = Elapsed time spent in this place.
 B = Non-inter-level travel time spent in this place.
 C = Inter-level travel time spent in this place.
 D = Time resting spent in this place.
 E = Time spent auto-exploring this place.
 F = Levels seen in this place.
 G = Mean time per level.
                   A        B        C        D        E       F      G
               +--------+--------+--------+--------+--------+-----+--------+
         Total |   2040 |   1978 |     62 |      0 |   1229 |   2 | 1020.0 |
       Dungeon |   2040 |   1978 |     62 |      0 |   1229 |   2 | 1020.0 |
               +--------+--------+--------+--------+--------+-----+--------+

Top non-repeatable levels by time:
     D:1: 1466 daAuts
     D:2: 574 daAuts
